 Dungeon Crawl Stone Soup version 0.30.0-13-g156ef70053 (webtiles) character file.

Game seed: 16336071931028752172

2331 jtron the Grappler (level 9, -4/78 (83) HPs)
             Began as a Troll Berserker on May 17, 2023.
             Was a High Priest of Trog.
             Slain by a wight
             ... wielding a +5 great sword
              (12 damage)
             ... on level 7 of the Dungeon.
             The game lasted 00:12:05 (4280 turns).

jtron the Grappler (Troll Berserker)                Turns: 4280, Time: 00:12:07

HP:   -4/78 (83)    AC:  7    Str: 33    XL:     9   Next: 19%
MP:   8/8           EV: 11    Int:  3    God:    Trog [*****.]
Gold: 253           SH:  5    Dex: 13    Spells: 8/8 levels left

rFire   . .          .
                       - Unarmed
rCold   . . .        (no shield)
rNeg    . . .        g - +1 troll leather armour
rPois   .            (helmet restricted)
rElec   .            c - scarf of the Accordion {repulsion, Fly SInv}
rCorr   .            (gloves unavailable)
SInv    +            (boots unavailable)
Will    .....        p - amulet of reflection
Stlth   ++           f - +6 ring of strength
HPRegen 1.93/turn    (no ring)
MPRegen 0.11/turn

%: repel missiles, reflection
@: mighty, lethally poisoned (-4 -> -4), on berserk cooldown, flying, slowed,
drained, very slow
A: large, unfitting armour, claws 3, regeneration 1, shaggy fur 1, tough skin 1
a: Renounce Religion, Berserk, Trog's Hand, Brothers in Arms


You were on level 7 of the Dungeon.
You worshipped Trog.
Trog was extremely pleased with you.
You visited 1 branch of the dungeon, and saw 7 of its levels.
You also visited: Sewer.

You collected 448 gold pieces.
You spent 195 gold pieces at shops.

Inventory:

Hand Weapons
 b - a +0 sling
 E - a +2 quarterstaff of chaos
Missiles
 d - 37 stones
 o - 27 poisoned darts (quivered)
 w - 5 large rocks
Armour
 a - a +1 animal skin
 c - the scarf of the Accordion (worn) {repulsion, Fly SInv}
   (You acquired it on level 3 of the Dungeon)

   SInv:      It lets you see invisible.
   Fly:       It grants you flight.
 g - a +1 troll leather armour (worn)
 v - a +1 cloak
 F - a +1 cloak of preservation
Jewellery
 f - a +6 ring of strength (left claw)
 n - a ring of fire
 p - an amulet of reflection (around neck)
Wands
 y - a wand of flame (7)
 D - a wand of roots (1)
Scrolls
 e - a scroll of teleportation
 h - a scroll of enchant weapon {unknown}
 i - a scroll of torment {unknown}
 u - 2 scrolls of identify
 C - 2 scrolls of fear
Potions
 j - 2 potions of mutation
 k - 4 potions of resistance {unknown}
 m - a potion of flight {unknown}
 q - a potion of might
 r - 3 potions of curing
 s - a potion of magic {unknown}
 t - a potion of cancellation {unknown}
 x - a potion of attraction {unknown}
 z - 2 potions of haste
 B - a potion of degeneration {unknown}


   Skills:
 + Level 3.3 Fighting
 + Level 2.1 Throwing
 + Level 2.7 Armour
 + Level 5.1 Dodging
 + Level 1.9 Stealth
 + Level 3.1 Shields
 + Level 8.8 Unarmed Combat


You had 8 spell levels left.
You didn't know any spells.
Your spell library was empty.

Dungeon Overview and Level Annotations

Branches:
Dungeon (7/15)             Temple (0/1) D:4           Sewer (visited)

Altars:
Cheibriados
Elyvilon
Gozag
Sif Muna
Yredelemnul
The Shining One

Shops:
D:4 *


Innate Abilities, Weirdness & Mutations

You are too large for most types of armour.
You have claws for hands.
Your natural rate of healing is unusually fast.
You are covered in fur. (AC +1)
You have tough skin. (AC +1)


Message History

You feel very sick.
The killer bee buzzes angrily.
The wight barely misses you. You block the wight's attack.
The wight hits you with a +5 great sword!!
* * * LOW HITPOINT WARNING * * *
You feel drained.
* * * LOW HITPOINT WARNING * * *
Items here: ( )))))) [[[[ †.
You are too berserk!
You feel a strong urge to attack something.
You feel sick.
You feel sick.
You feel your anger nearly subside.
You are no longer berserk.
You are exhausted.
You feel yourself slow down.
You feel sick.
You feel much better.
You feel very sick.
You feel better. You block the wight's attack.
The killer bee stings you but does no damage.
The wight hits you with a +5 great sword!!
* * * LOW HITPOINT WARNING * * *
You feel very mighty all of a sudden. The killer bee stings you!
* * * LOW HITPOINT WARNING * * *
The killer bee stings you.
* * * LOW HITPOINT WARNING * * *
You are poisoned.
The killer bee poisons you!
The wight hits you with a +5 great sword.
* * * LOW HITPOINT WARNING * * *
You feel drained.
* * * LOW HITPOINT WARNING * * *
The killer bee closely misses you.
You closely miss the wight.
You feel very sick. The killer bee misses you. You block the wight's attack.
You block the killer bee's attack. The killer bee stings you.
* * * LOW HITPOINT WARNING * * *
The wight hits you with a +5 great sword!
You die...

#<..# #...#
########..[#
#......#...#
#......#...# ###
#......#...#
....#..........# ####
..[.#......#.>.##...#
...........#..zy@.#
....#......#..†z###
...........###.##
[..........###z#####.
..#........y.)z......#
......................
......####..........##
........##..........#
...KK.....)##..######


You could see a killer bee and 3 wights.

Vanquished Creatures
  Grinder (D:3)
  Duvessa (D:5)
  3 water moccasins
  A black bear (D:5)
  6 phantoms
  2 kobold brigands
  A scorpion (D:5)
  5 wights (D:7)
  Dowan (D:5)
  A killer bee (D:7)
  2 vampire bats (D:5)
  An orc priest (D:4)
  A jelly (D:5)
  Crazy Yiuf (D:5)
  2 hounds
  A sleepcap (D:4)
  Jessica (D:2)
  7 gnolls
  Robin (D:3)
  8 adders
  7 river rats (Sewer)
  A worm (D:5)
  3 dart slugs
  10 orcs
  9 endoplasms
  5 giant cockroaches
  13 goblins
  8 hobgoblins
  7 quokkas
  13 ball pythons
  10 bats
  3 frilled lizards
  17 kobolds
  23 rats
176 creatures vanquished.

Vanquished Creatures (others)
  A kobold (D:7)
1 creature vanquished.

Grand Total: 177 creatures vanquished

Notes
Turn   | Place    | Note
-------+----------+-------------------------------------------
     0 | D:1      | jtron the Troll Berserker began the quest for the Orb.
     0 | D:1      | Reached XP level 1. HP: 22/22 MP: 0/0
   320 | D:1      | Reached XP level 2. HP: 29/29 MP: 1/1
   409 | D:1      | Found a faded altar of an unknown god.
   923 | D:2      | Found a glowing golden altar of the Shining One.
  1138 | D:2      | Reached XP level 3. HP: 36/36 MP: 2/2
  1163 | D:2      | Noticed Jessica
  1167 | D:2      | Reached ** piety under Trog
  1174 | D:2      | Killed Jessica
  1175 | D:2      | Reached skill level 4 in Unarmed Combat
  1400 | D:2      | Reached XP level 4. HP: 41/44 MP: 3/3
  1617 | D:3      | Noticed Robin
  1834 | D:3      | Reached XP level 5. HP: 52/52 MP: 4/4
  1863 | D:3      | Noticed Grinder
  1866 | D:3      | Killed Grinder
  1867 | D:3      | Reached skill level 1 in Stealth
  1867 | D:3      | Reached skill level 5 in Unarmed Combat
  1867 | D:3      | Reached XP level 6. HP: 59/59 MP: 5/5
  1876 | D:3      | Found a basalt altar of Yredelemnul.
  1913 | D:3      | Reached skill level 1 in Throwing
  1913 | D:3      | Killed Robin
  2097 | D:3      | Found a white marble altar of Elyvilon.
  2306 | D:3      | Identified a scroll of acquirement
  2306 | D:3      | Acquired the scarf of the Accordion {repulsion, Fly SInv}
  2333 | D:4      | Found a staircase to the Ecumenical Temple.
  2356 | D:4      | Noticed a water moccasin
  2358 | D:4      | Found Toewk's Tempting Trifles.
  2362 | D:4      | Killed a water moccasin
  2362 | D:4      | Reached *** piety under Trog
  2368 | D:4      | Reached skill level 6 in Unarmed Combat
  2370 | D:4      | Reached XP level 7. HP: 66/66 MP: 6/6
  2404 | D:4      | Bought a +0 troll leather armour for 195 gold pieces
  2436 | D:4      | Reached skill level 1 in Shields
  2523 | D:4      | Found a glowing drain.
  2539 | Sewer    | Entered a sewer
  2633 | Sewer    | Reached **** piety under Trog
  2839 | Sewer    | Reached skill level 7 in Unarmed Combat
  3217 | D:4      | Found a shimmering blue altar of Sif Muna.
  3273 | D:5      | Entered Level 5 of the Dungeon
  3280 | D:5      | Reached skill level 1 in Armour
  3280 | D:5      | Reached XP level 8. HP: 75/75 MP: 7/7
  3423 | D:5      | Found a snail-covered altar of Cheibriados.
  3471 | D:5      | Found an opulent altar of Gozag.
  3551 | D:5      | Reached ***** piety under Trog
  3582 | D:5      | Noticed Duvessa
  3588 | D:5      | Noticed Dowan
  3599 | D:5      | Killed Duvessa
  3609 | D:5      | Killed Dowan
  3610 | D:5      | Reached skill level 8 in Unarmed Combat
  3656 | D:5      | Found a runed translucent door.
  3657 | D:5      | Noticed Crazy Yiuf
  3663 | D:5      | Killed Crazy Yiuf
  3945 | D:6      | Reached skill level 5 in Dodging
  4243 | D:7      | Reached XP level 9. HP: 83/83 MP: 8/8
  4280 | D:7      | Slain by a wight

Illustrated notes

Levels and vault maps discovered:
D:1:      mrwooster_arrival_statue_3, layout_loops_corners,
          hellmonk_ecumenical_altar_lost_god, st_stairs_4, minmay_pentomino_u2
D:2:      layout_loops_ring, basic_altar, uniq_jessica
D:3:      layout_basic, kennysheep_ying_yang, uniq_robin, uniq_grinder
D:4:      layout_cave_pools, lemuel_doored_altar,
          minmay_temple_entry_mini_moons, gup_sewer_entry_pipe,
          nicolae_alphabet_shops, st_stairs_9, item_on_display_a
D:5:      layout_rooms, grunt_gozag_statues, kennysheep_slug_shrine,
          roderic_batcave, uniq_duvessa, uniq_crazy_yiuf_cottage
D:6:      layout_rooms
D:7:      layout_rooms, jmf_multi_god_temple2

Skill      XL: |  1  2  3  4  5  6  7  8  9 |
---------------+----------------------------+-----
Unarmed Combat | 4 5 6 7 8 |  8.8
Dodging        | 3 4 5 |  5.1
Stealth        | 1 |  1.9
Throwing       | 1 2 |  2.1
Shields        | 1 2 3 |  3.1
Fighting       | 3 |  3.3
Armour         | 1 2 |  2.7

Action                     |  1- 3 |  4- 6 |  7- 9 || total
---------------------------+-------+-------+-------++-------
  Melee: Unarmed           |    73 |    72 |   262 ||   407
         Punch             |     1 |       |     7 ||     8
  Throw: Stone             |     4 |     3 |     1 ||     8
         Large rock        |       |    16 |     2 ||    18
         Dart              |       |       |     2 ||     2
 Invoke: Berserk           |     1 |     1 |     3 ||     5
  Evoke: Wand              |       |       |     2 ||     2
    Use: Scroll            |       |    11 |     6 ||    17
         Potion            |       |       |     4 ||     4
   Stab: Sleeping          |       |       |     4 ||     4
 Armour: Animal skin       |    26 |    13 |       ||    39
         Troll leather arm |       |       |   148 ||   148
  Dodge: Dodged            |    44 |    20 |   170 ||   234
         Repelled          |       |     3 |     4 ||     7
  Block: Other             |     9 |    15 |   107 ||   131
         Reflection        |       |       |     5 ||     5
